Map: Nightshade LE

Players

Epic

  • Race: Terran Terran
  • League: Master
  • Spawn Location: 5:00

puCK (Nina) - Winner!

  • Race: Protoss Protoss
  • League: Grandmaster
  • Spawn Location: 11:00

Event: Cheeseadelphia XI, Cheeseadelphia XI

VOD

Have the link to the VOD?

Description

Time

  • Played on: Dec. 14, 2019, 2:42 p.m.
  • Length: 13:25

All games in this series

Show
View Real Time Build Order
Export as new Build Order

Epic Terran 

Build Orders: Reaper Expand 

Get SALT Encoding   

  12  0:00  SCV  
  13  0:12  SCV  
  14  0:17  Supply Depot  
  14  0:24  SCV  
  15  0:38  SCV  
  15  0:39  Barracks  
  15  0:42  Refinery  
  16  0:50  SCV  
  17  1:02  SCV  
  18  1:14  SCV  
  19  1:27  Orbital Command, Reaper  
  20  1:42  Command Center  
  20  1:50  Supply Depot  
  20  1:53  SCV  
  21  1:59  Marine  
  22  2:03  Bunker  
  22  2:07  SCV  
  23  2:16  Factory  
  23  2:19  SCV  
  23  2:21  Barracks Reactor  
  24  2:31  SCV  
  24  2:35  Refinery  
  25  2:43  SCV  
  26  2:55  SCV  
  26  2:57  Orbital Command  
  27  3:00  Marine x2  
  27  3:01  Widow Mine  
  27  3:05  Starport  
  30  3:07  SCV  
  31  3:19  SCV  
  32  3:20  Marine x2  
  32  3:23  SCV, Widow Mine  
  37  3:27  Supply Depot  
  37  3:31  SCV  
  38  3:35  SCV  
  38  3:38  Marine x2  
  41  3:44  SCV  
  41  3:45  Factory Tech Lab  
  41  3:47  SCV  
  41  3:56  SCV  
  41  3:57  Viking  
  41  3:59  SCV, Supply Depot  
  41  4:00  Marine x2  
  47  4:04  Supply Depot  
  47  4:09  SCV  
  48  4:11  SCV  
  48  4:14  Barracks  
  52  4:17  Siege Tank  
  52  4:21  SCV  
  52  4:23  SCV  
  54  4:27  Supply Depot  
  54  4:30  Starport Tech Lab  
  54  4:32  Barracks  
  54  4:35  SCV, Marine  
  54  4:36  SCV  
  57  4:41  Refinery  
  57  4:43  Engineering Bay  
  57  4:47  SCV  
  57  4:48  SCV  
  59  4:55  Starport Reactor  
  59  4:57  Marine x2  
  59  4:59  SCV  
  62  5:00  SCV  
  62  5:03  Siege Tank  
  66  5:10  Stimpack, Marine  
  66  5:11  Supply Depot  
  66  5:13  Terran Infantry Weapons Level 1  
  67  5:14  SCV  
  67  5:15  SCV  
  67  5:16  Marine  
  67  5:17  Marine  
  71  5:23  Supply Depot  
  71  5:24  Barracks Tech Lab  
  71  5:33  Medivac x2  
  75  5:37  Command Center  
  75  5:39  Marauder  
  75  5:41  Marine x2  
  79  5:43  SCV  
  79  5:44  SCV  
  79  5:47  Supply Depot  
  81  5:50  Marine  
  81  5:51  Refinery  
  81  5:52  Combat Shield  
  82  5:59  Marine x3  
  82  6:01  SCV x2  
  87  6:04  Supply Depot  
  87  6:07  Siege Tank  
  87  6:08  Marine  
  91  6:17  Barracks  
  91  6:19  Medivac  
  91  6:22  Supply Depot  
  91  6:23  Missile Turret  
  93  6:25  Barracks  
  93  6:26  Medivac  
  93  6:30  Marauder, Marine x2  
  99  6:36  Marauder  
  101  6:41  SCV x2  
  103  6:50  Orbital Command  
  103  6:52  Marauder  
  103  6:53  SCV x2  
  107  6:58  Medivac x2  
  107  7:00  Missile Turret  
  111  7:05  SCV x2  
  110  7:09  Terran Infantry Armor Level 1  
  110  7:13  Barracks Reactor, Marauder x2  
  110  7:14  Marine x2  
  118  7:15  Marauder  
  118  7:19  SCV  
  118  7:20  Orbital Command, Ghost Academy  
  118  7:21  SCV  
  120  7:30  Viking  
  120  7:31  Viking  
  123  7:37  Supply Depot  
  123  7:40  SCV x2, Supply Depot  
  125  7:49  SCV  
  126  7:52  SCV x2  
  126  7:53  Enhanced Shockwaves  
  128  7:59  Ghost  
  128  8:01  SCV, Marine x3  
  128  8:02  Marine  
  128  8:04  SCV  
  136  8:06  Factory  
  136  8:07  Starport  
  136  8:11  Supply Depot  
  136  8:12  Supply Depot, Factory Reactor  
  136  8:13  SCV x2  
  136  8:15  Refinery  
  136  8:16  SCV  
  139  8:23  Missile Turret, Refinery  
  139  8:26  SCV x2  
  141  8:27  Ghost  
  141  8:28  SCV  
  141  8:31  Marine x4  
  148  8:35  Ghost  
  148  8:37  Marauder  
  148  8:40  Supply Depot  
  152  8:41  Supply Depot  
  152  8:44  Supply Depot  
  152  8:49  Marine x4  
  152  8:50  Viking  
  152  8:52  Viking  
  160  8:56  Marauder  
  160  8:59  Marauder  
  160  9:00  Viking  
  160  9:01  Supply Depot, Viking  
  168  9:03  Supply Depot  
  163  9:18  Marauder  
  163  9:19  Marauder  
  163  9:20  Viking, Marauder  
  163  9:22  Armory, Viking  
  163  9:24  Engineering Bay  
  173  9:30  Viking  
  173  9:31  Viking  
  177  9:32  Marine x3  
  177  9:33  Marine  
  180  9:40  Ghost  
  180  9:43  Marauder x2  
  186  9:52  Marine x3  
  186  9:53  Viking, Marine  
  186  9:58  Viking  
  193  10:04  Marine  
  194  10:08  Viking x2  
  192  10:24  Marine x2  
  192  10:25  Marauder x3  
  169  10:40  Marine  
  169  10:41  Marine  
  169  10:42  Marine x2  
  153  10:46  Marauder x3  
  129  10:51  Liberator  
  122  10:58  Marine x2  
  122  11:02  Marine x2  
  121  11:07  Marauder x2  
  121  11:08  Marauder  
  123  11:16  Marine  
  108  11:22  Marine x2  
  98  11:29  Marauder x3  
  104  11:34  Viking x2  
  108  11:40  Viking  
  108  11:43  Marine x4  
  114  11:50  Marauder x3  
  120  11:54  Viking  
  122  12:04  Viking x2  
  126  12:09  Marine x2  
  126  12:10  Viking, Marine x2  
  126  12:11  Ghost, Marine x2  
  121  12:31  Command Center  
  121  12:33  Marine x3  
  121  12:35  Ghost  
  121  12:36  Ghost  
  128  12:42  Fusion Core  
  128  12:53  Marauder, Marine x3  
Show
View Real Time Build Order
Export as new Build Order

puCK Protoss - Winner!

Build Orders: 1 Gate Expand, Phoenix Opening, Colossus Rush 

Get SALT Encoding   

  12  0:00  Probe  
  13  0:13  Probe  
  14  0:21  Pylon  
  14  0:25  Probe  
  15  0:39  Probe (Chrono Boost)  
  15  0:41  Gateway  
  16  0:49  Probe (Chrono Boost), Assimilator  
  17  0:54  Probe (Chrono Boost)  
  18  1:05  Probe  
  19  1:17  Probe  
  20  1:28  Cybernetics Core  
  20  1:30  Probe  
  21  1:35  Nexus  
  21  1:41  Pylon  
  21  1:43  Probe  
  22  1:48  Assimilator  
  22  1:55  Probe  
  23  2:02  Adept (Chrono Boost)  
  23  2:07  Probe  
  26  2:17  Stargate  
  26  2:19  Probe  
  27  2:24  Adept  
  29  2:32  Probe (Chrono Boost)  
  29  2:33  Warp Gate  
  30  2:44  Probe (Chrono Boost)  
  31  2:49  Probe (Chrono Boost)  
  31  2:50  Probe (Chrono Boost)  
  31  2:51  Gateway  
  33  2:59  Probe  
  33  3:00  Phoenix (Chrono Boost), Probe  
  33  3:05  Adept  
  39  3:11  Probe  
  39  3:12  Probe  
  41  3:18  Pylon  
  41  3:23  Phoenix, Probe (Chrono Boost)  
  45  3:28  Probe (Chrono Boost)  
  45  3:35  Probe (Chrono Boost)  
  47  3:42  Probe x2 (Chrono Boost)  
  48  3:49  Probe  
  48  3:50  Probe  
  48  3:52  Phoenix  
  50  3:57  Assimilator  
  50  3:58  Robotics Facility  
  50  3:59  Assimilator  
  50  4:01  Probe  
  50  4:02  Probe  
  52  4:08  Pylon  
  52  4:12  Pylon  
  52  4:14  Probe (Chrono Boost)  
  52  4:16  Probe (Chrono Boost)  
  54  4:26  Phoenix  
  54  4:29  Probe (Chrono Boost)  
  54  4:30  Probe (Chrono Boost)  
  58  4:31  Pylon  
  58  4:34  Probe (Chrono Boost)  
  59  4:38  Probe  
  59  4:39  Sentry  
  59  4:42  Nexus  
  59  4:43  Pylon  
  62  4:48  Pylon, Observer  
  63  4:57  Probe  
  63  4:58  Robotics Bay  
  63  4:59  Zealot  
  66  5:00  Probe  
  66  5:02  Zealot  
  66  5:05  Phoenix  
  71  5:10  Pylon  
  71  5:12  Immortal (Chrono Boost)  
  72  5:17  Probe  
  72  5:19  Sentry  
  72  5:20  Probe  
  79  5:26  Gateway  
  79  5:30  Gateway  
  79  5:34  Gateway  
  79  5:42  Twilight Council  
  79  5:45  Colossus (Chrono Boost)  
  79  5:49  Probe  
  86  5:52  Probe  
  86  5:54  Probe  
  88  6:02  Extended Thermal Lance  
  88  6:03  Probe  
  89  6:05  Pylon  
  89  6:11  Probe  
  90  6:17  Charge (Chrono Boost), Probe, Gateway  
  90  6:18  Probe, Gateway  
  92  6:22  Sentry  
  92  6:23  Zealot  
  92  6:25  Zealot  
  98  6:28  Shield Battery  
  98  6:29  Zealot  
  100  6:33  Zealot  
  100  6:39  Colossus (Chrono Boost)  
  106  6:47  Zealot x3  
  106  6:50  Zealot  
  106  6:53  Probe x2  
  116  6:55  Probe  
  116  6:56  Pylon  
  117  7:05  Probe  
  117  7:07  Assimilator  
  116  7:10  Forge  
  116  7:13  Probe x2  
  118  7:17  Templar Archives  
  118  7:18  Nexus  
  118  7:19  Assimilator  
  118  7:21  Pylon, Probe  
  119  7:24  Zealot  
  119  7:28  Zealot x3  
  126  7:33  Pylon  
  126  7:34  Colossus (Chrono Boost)  
  126  7:42  Probe x2  
  126  7:43  Protoss Ground Weapons Level 1 (Chrono Boost), Probe  
  135  7:53  Psionic Storm  
  135  7:54  Probe  
  135  7:55  Forge  
  136  8:00  Zealot  
  136  8:01  Zealot x2  
  136  8:03  High Templar  
  136  8:04  Probe  
  145  8:08  Pylon, Probe  
  145  8:10  Pylon, High Templar  
  148  8:13  Pylon  
  148  8:14  Pylon  
  148  8:22  Probe  
  148  8:26  Probe x2, Warp Prism  
  153  8:31  Blink, Protoss Ground Armor Level 1 (Chrono Boost)  
  151  8:35  Stalker x3  
  157  8:41  Probe x2  
  157  8:42  Probe  
  157  8:43  Probe  
  157  8:47  High Templar, Photon Cannon  
  163  8:53  Probe  
  164  8:56  High Templar  
  164  8:59  Gateway  
  164  9:01  Gateway  
  166  9:05  High Templar, Zealot x3  
  166  9:06  Zealot  
  166  9:09  Gravitic Drive  
  175  9:19  Assimilator  
  175  9:20  Assimilator  
  175  9:32  Nexus  
  175  9:34  Protoss Ground Weapons Level 2 (Chrono Boost)  
  175  9:38  Colossus  
  181  9:47  Probe  
  181  9:49  Photon Cannon x2  
  180  9:54  Probe  
  180  9:56  Pylon  
  180  9:58  Pylon, High Templar x2  
  180  9:59  High Templar, Zealot  
  189  10:00  Zealot x3  
  189  10:03  Photon Cannon  
  189  10:05  Photon Cannon  
  193  10:07  Photon Cannon  
  193  10:10  Photon Cannon  
  193  10:27  Zealot x4  
  199  10:35  Archon x2  
  157  10:37  Zealot x5  
  143  10:46  Colossus  
  143  10:49  Stalker x4  
  149  10:50  Probe  
  149  10:51  Probe  
  149  10:53  Probe x2  
  149  10:54  Probe  
  150  10:57  High Templar x3  
  150  10:58  High Templar x2  
  150  10:59  Protoss Ground Armor Level 2 (Chrono Boost)  
  150  11:02  Probe  
  150  11:03  Probe  
  158  11:05  Probe  
  158  11:10  Probe  
  140  11:23  Zealot x2  
  140  11:24  Zealot x2  
  132  11:27  Probe x2  
  132  11:28  Probe  
  132  11:31  Probe x2  
  137  11:37  Colossus (Chrono Boost)  
  137  11:38  Gateway x3  
  137  11:40  High Templar x2  
  137  11:41  Sentry x2  
  137  11:45  Zealot x5  
  161  11:47  Probe  
  161  11:48  Shield Battery  
  161  11:52  Photon Cannon  
  161  11:53  Photon Cannon  
  162  11:55  Photon Cannon  
  162  11:59  Assimilator  
  162  12:03  Assimilator  
  162  12:06  Nexus  
  162  12:07  Zealot x4  
  162  12:08  Probe  
  168  12:10  Probe x2  
  170  12:22  Probe, Photon Cannon  
  169  12:25  Photon Cannon  
  169  12:26  Warp Prism  
  169  12:28  High Templar x5, Photon Cannon  
  169  12:29  High Templar  
  183  12:32  Pylon  
  183  12:33  Pylon, Archon x3  
  183  12:36  Stalker x2  
  187  12:38  High Templar x2  
  190  13:07  Archon  
  182  13:13  Zealot  
  182  13:14  Zealot x11  
Tags
 
Add a new tag
Caveats
  • Supply blocks, unpowered buildings, or Contaminate may cause inaccurate times.
  • Supply counts are checked every 10 seconds.